 Dungeon Crawl Stone Soup version 0.31.0-9-g3a7656b989 (webtiles) character file.

Game seed: 4481169199550505896

492 qw the Skirmisher (level 6, 0/35 HPs)
             Began as a Deep Elf Hunter on Feb 2, 2024.
             Was a Follower of Okawaru.
             Slain by an iguana (7 damage)
             ... on level 4 of the Dungeon.
             The game lasted 00:00:14 (2529 turns).

qw the Skirmisher (Deep Elf Hunter)                 Turns: 2529, Time: 00:00:15

Health: 0/35       AC:  7    Str: 10    XL:     6   Next: 91%
Magic:  8/10       EV: 14    Int: 14    God:    Okawaru [*.....]
Gold:   236        SH:  0    Dex: 18    Spells: 5/5 levels left

rFire   . . .        b - +4 hand cannon (heavy)
rCold   . . .        (no shield)
rNeg    . . .        f - +1 ring mail
rPois   .            (no helmet)
rElec   .            (no cloak)
rCorr   .            (no gloves)
SInv    .            (no boots)
Will    .....        (no amulet)
Stlth   +++          (no ring)
HPRegen 0.25/turn    (no ring)
MPRegen 0.12/turn

%: no passive effects
@: heroic
A: no striking features
a: Renounce Religion, Heroism


You were on level 4 of the Dungeon.
You worshipped Okawaru.
Okawaru was aware of your devotion.
You visited 1 branch of the dungeon, and saw 4 of its levels.

You collected 236 gold pieces.


   Skills:
 - Level 2.1(7.1) Fighting
 + Level 9.7(14.7) Ranged Weapons
 - Level 2.4(7.4) Dodging
 - Level 1.2(6.2) Stealth
 + Level 3.3 Invocations


You had 5 spell levels left.
You didn't know any spells.
Your spell library was empty.

Inventory:

Hand Weapons
 b - a +4 heavy hand cannon (weapon)
Armour
 f - a +1 ring mail (worn)
Wands
 i - a wand of quicksilver (14)
Potions
 d - 2 potions of curing
 e - a potion of might
 h - a potion of enlightenment

Dungeon Overview and Level Annotations

Branches:
Dungeon (4/15)
 Temple: D:4-7

Altars:
Okawaru

Annotations:
D:3 1 runed translucent door, qw's ghost, weakling DEHu


Message History

2510 ||| STAIRDANCE Dowan closely misses you.
You climb upwards.
Level annotation: 1 runed translucent door, qw's ghost, weakling DEHu
There is a stone staircase leading down here.
You start resting.
Magic restored.
You climb downwards.
Level annotation: Dowan; Duvessa You feel like a meek peon again.
The iguana bites you. The endoplasm freezes you.
You are frozen.
Duvessa hits you with a +0 short sword of venom.
There is a stone staircase leading up here.
2527 ||| INVOKING Heroism.
You gain the combat prowess of a mighty hero.
Dowan closely misses you. The iguana closely misses you.
The endoplasm hits you but does no damage.
Duvessa hits you with a +0 short sword of venom.
You shoot a bolt. The bolt hits Duvessa!!!
You kill Duvessa!
Okawaru is honoured by your kill.
Dowan seems overcome with grief.
Dowan seems to find hidden reserves of power!
Dowan gestures at you while chanting. The shard of ice misses you.
The shard of ice hits the endoplasm!
The endoplasm dies!
The iguana misses you. Dowan gestures at you while chanting.
The stone arrow hits you! The iguana bites you!
Dowan shakes with grief.
Dowan casts a spell at you. The shard of ice misses you.
Your Invocations skill increases to level 3!
You shoot a bolt. The bolt hits Dowan!!!
You kill Dowan!
Okawaru accepts your kill. The iguana bites you. The iguana bites you!
You die...

#########
........##
.........##
.$........#
..........#
..<...l0..#
.......@).#
.......)..#
.........##
........##
#########


You could see an iguana.

Vanquished Creatures
  Duvessa (D:4)
  Dowan (D:4)
  A vampire bat (D:3)
  An orc priest (D:3)
  Jessica (D:3)
  Ijyb (D:3)
  Terence (D:3)
  Natasha (twice) (D:3)
  5 adders
  2 ribbon worms
  3 dart slugs (D:1)
  3 fire bats (D:3)
  2 orcs (D:3)
  2 spectral bats (D:3)
  4 ball pythons
  12 bats
  3 bat skeletons (D:3)
  A bat zombie (D:3)
  An endoplasm (D:3)
  4 giant cockroaches
  5 goblins
  7 hobgoblins
  2 jackals (D:1)
  A quokka (D:1)
  A bat simulacrum (D:3)
  3 frilled lizards
  5 kobolds
  7 rats
82 creatures vanquished.

Vanquished Creatures (others)
  An endoplasm (D:4)
1 creature vanquished.

Grand Total: 83 creatures vanquished

Notes
Turn   | Place    | Note
-------+----------+-------------------------------------------
     0 | D:1      | qw the Deep Elf Hunter began the quest for the Orb.
     0 | D:1      | Reached XP level 1. HP: 12/12 MP: 3/3
     0 | D:1      | 0 ||| qw: Version: 0.3-a-155-g5e7d8dd
     0 | D:1      | 0 ||| qw: Game counter: 2303
     0 | D:1      | 0 ||| qw: Melee chars always use a shield: true
     0 | D:1      | 0 ||| qw: God list: Okawaru
     0 | D:1      | 0 ||| qw: Allow faded altars: false
     0 | D:1      | 0 ||| qw: Do Orc after clearing Dungeon:15 true
     0 | D:1      | 0 ||| qw: Do second Lair branch before Depths: true
     0 | D:1      | 0 ||| qw: Lair rune preference: random
     0 | D:1      | 0 ||| qw: Goals: Normal
     0 | D:1      | 0 ||| PLANNING D:1-11
    65 | D:1      | Reached XP level 2. HP: 16/16 MP: 4/4
    87 | D:1      | Reached skill level 6 in Ranged Weapons
   493 | D:1      | 493 ||| UPGRADING to +0 ring mail.
   503 | D:1      | 503 ||| DROPPING +0 leather armour.
   504 | D:1      | 504 ||| READING scroll labelled ADYIJ BANOCHON.
   504 | D:1      | 504 ||| ENCHANTING +0 shortbow.
   505 | D:1      | 505 ||| READING scroll labelled ULATUSTA IGYI.
   606 | D:1      | 606 ||| DROPPING scroll of butterflies.
   614 | D:2      | 614 ||| STAIRDANCE
   618 | D:2      | 618 ||| STAIRDANCE
   623 | D:2      | 623 ||| STAIRDANCE
   629 | D:1      | Reached XP level 3. HP: 11/20 MP: 5/5
   747 | D:2      | Found an iron altar of Okawaru.
   748 | D:2      | 748 ||| PLANNING OKAWARU WORSHIP
   756 | D:2      | 756 ||| DRINKING 2 murky puce potions.
   757 | D:2      | Became a worshipper of Warmaster Okawaru
   758 | D:2      | 758 ||| PLANNING D:1-11
   801 | D:2      | Reached skill level 7 in Ranged Weapons
  1153 | D:2      | 1153 ||| READING 2 scrolls labelled XEUJOFI HOFOMNA.
  1153 | D:2      | 1153 ||| IDENTIFYING ruby potion
  1154 | D:2      | 1154 ||| READING scroll of identify.
  1154 | D:2      | 1154 ||| IDENTIFYING emerald potion
  1155 | D:2      | 1155 ||| READING scroll labelled TOGIXI DIBO.
  1160 | D:2      | 1160 ||| READING scroll labelled CULAUSCH QABUU.
  1160 | D:2      | 1160 ||| ENCHANTING +0 ring mail.
  1161 | D:2      | 1161 ||| DROPPING potion of invisibility.
  1206 | D:3      | Reached XP level 4. HP: 15/25 MP: 6/6
  1295 | D:3      | Noticed Ijyb
  1349 | D:3      | HP: 4/25 [Ijyb/+0 club (5)]
  1351 | D:3      | Killed Ijyb
  1458 | D:3      | Noticed Natasha
  1462 | D:3      | 1462 ||| RETREEEEATING.
  1472 | D:3      | 1472 ||| DRINKING potion of haste.
  1473 | D:3      | Killed Natasha
  1474 | D:3      | Reached skill level 8 in Ranged Weapons
  1625 | D:3      | Noticed Terence
  1638 | D:3      | Killed Terence
  1639 | D:3      | Reached XP level 5. HP: 12/29 MP: 7/7
  1975 | D:3      | Reached * piety under Okawaru
  1976 | D:3      | Reached skill level 9 in Ranged Weapons
  2021 | D:3      | Noticed Jessica
  2024 | D:3      | Killed Jessica
  2025 | D:3      | Reached skill level 1 in Invocations
  2078 | D:3      | Reached XP level 6. HP: 33/35 MP: 7/9
  2290 | D:3      | 2290 ||| READING scroll of enchant weapon.
  2290 | D:3      | 2290 ||| ENCHANTING +1 shortbow.
  2312 | D:3      | Noticed qw's ghost (weakling DEHu)
  2314 | D:3      | Found a runed translucent door.
  2316 | D:3      | Noticed Natasha
  2318 | D:3      | 2318 ||| READING 3 scrolls of identify.
  2318 | D:3      | 2318 ||| IDENTIFYING murky brown potion
  2323 | D:3      | Killed Natasha
  2337 | D:3      | 2337 ||| READING 2 scrolls of identify.
  2337 | D:3      | 2337 ||| IDENTIFYING lumpy grey potion
  2338 | D:3      | 2338 ||| READING scroll of identify.
  2338 | D:3      | 2338 ||| IDENTIFYING 2 coppery potions
  2339 | D:3      | 2339 ||| READING scroll labelled ECKYEJ WOKUA.
  2339 | D:3      | Identified a scroll of acquirement
  2339 | D:3      | 2339 ||| ACQUIRING +4 hand cannon of flaming
  2339 | D:3      | Acquired a +4 hand cannon of flaming
  2341 | D:3      | 2341 ||| SWAPPING to +4 hand cannon of flaming.
  2342 | D:3      | 2342 ||| DROPPING +2 shortbow.
  2479 | D:3      | 2479 ||| READING scroll labelled VUREUM JUED.
  2480 | D:3      | 2480 ||| READING scroll labelled BOAD DEKENNEE.
  2480 | D:3      | 2480 ||| BRANDING +4 hand cannon of flaming.
  2481 | D:3      | 2481 ||| DROPPING potion of berserk rage.
  2508 | D:4      | Noticed Duvessa
  2508 | D:4      | Noticed Dowan
  2509 | D:4      | 2509 ||| INVOKING Heroism.
  2510 | D:4      | 2510 ||| STAIRDANCE
  2527 | D:4      | 2527 ||| INVOKING Heroism.
  2528 | D:4      | Killed Duvessa
  2529 | D:4      | Reached skill level 3 in Invocations
  2529 | D:4      | Killed Dowan
  2529 | D:4      | HP: 7/35 [iguana (3)]
  2529 | D:4      | Slain by an iguana

Levels and vault maps discovered:
D:1:      wander_arrival_peaceful_grave, layout_basic, minivault_19
D:2:      layout_basic, basic_altar
D:3:      layout_loops_ring, hellmonk_ghost_happy_afterlife, goddamned_bats,
          uniq_ijyb, uniq_terence, uniq_natasha, uniq_jessica
D:4:      layout_rooms, serial_shops, shop, nicolae_diamond_shop,
          nicolae_shop_trees, serial_forest, infiniplex_forest_lined_ring,
          infiniplex_forest_clump_diagonal, infiniplex_forest_corner_1,
          infiniplex_forest_straight_4, infiniplex_forest_lined_2,
          uniq_eustachio, uniq_duvessa, uniq_grinder

Skill      XL: |  1  2  3  4  5  6 |
---------------+-------------------+-----
Ranged Weapons | 6 7 8 9 |  9.7
Invocations    | 1 3 |  3.3
Fighting       | 2 |  2.1
Dodging        | |  2.4
Stealth        | |  1.2

Action                     |  1- 3 |  4- 6 || total
---------------------------+-------+-------++-------
   Fire: Shortbow          |   111 |   149 ||   260
         Hand cannon       |       |     8 ||     8
 Invoke: Heroism           |       |     2 ||     2
    Use: Scroll            |     6 |     7 ||    13
         Potion            |     1 |     1 ||     2
 Armour: Leather armour    |     7 |       ||     7
         Ring mail         |    28 |   103 ||   131
  Dodge: Dodged            |    31 |   110 ||   141

Table legend:
 A = Non-vault XP
 B = Vault XP
 C = Vault XP percentage of total XP
 D = Non-vault monster count
 E = Vault monster count
 F = Vault count percentage of total count
                 A         B        C        D         E       F
            +---------+---------+-------+---------+---------+-------
      Total |     238 |     533 |  69.1 |      56 |      26 |  31.7
            +---------+---------+-------+---------+---------+-------
        D:1 |      50 |       0 |   0.0 |      19 |       0 |   0.0
        D:2 |      40 |       0 |   0.0 |      14 |       0 |   0.0
        D:3 |     148 |     324 |  68.6 |      23 |      24 |  51.1
        D:4 |       0 |     209 | 100.0 |       0 |       2 | 100.0
            +---------+---------+-------+---------+---------+-------
